 Dungeon Crawl Stone Soup version 0.29-a0-1016-g236c7fd91e (webtiles) character file.

Game seed: 8784300418934026834

11 ytrimaz the Insei (level 2, 17/17 (18) HPs)
             Began as an Octopode Transmuter on Aug 9, 2022.
             Was a Follower of Wu Jian.
             Quit the game on level 1 of the Dungeon.
             The game lasted 00:00:26 (403 turns).

ytrimaz the Insei (Octopode Transmuter)              Turns: 403, Time: 00:00:26

HP:   17/17 (18)    AC:  1    Str:  9    XL:     2   Next: 29%
MP:   5/5           EV: 13    Int: 15    God:    Wu Jian [*.....]
Gold: 17            SH:  0    Dex: 12    Spells: 4/5 levels left

rFire   . . .      SeeInvis .     - Unarmed
rCold   . . .      Faith    .   (no shield)
rNeg    . . .      Spirit   .   (helmet restricted)
rPois   .          Reflect  .   (no amulet)
rElec   .          Harm     .   (no ring)
rCorr   .          Rampage  .   (no ring)
Will    .....                   (no ring)
Stlth   ++........              (no ring)
HPRegen 0.05/turn               (no ring)
MPRegen 0.09/turn               (no ring)
                                (no ring)
                                (no ring)

@: drained
A: almost no armour, amphibious, 8 rings, camouflage 1, gelatinous body 1,
(nimble swimmer 1), tentacles
a: Renounce Religion


You were on level 1 of the Dungeon.
You worshipped Wu Jian.
Wu Jian was aware of your devotion.
You visited 1 branch of the dungeon, and saw 1 of its levels.

You collected 17 gold pieces.

Inventory:

Potions
 a - a potion of lignification
 b - a potion of curing {unknown}


   Skills:
 - Level 1.0 Fighting
 - Level 2.0 Dodging
 - Level 3.0 Unarmed Combat
 + Level 2.4 Spellcasting
 + Level 2.4 Transmutations


You had 4 spell levels left.
You knew the following spells:

 Your Spells              Type           Power      Damage    Failure   Level
a - Beastly Appendage     Tmut           18%        N/A       8%          1

Your spell library contained the following spells:

 Spells                   Type           Power      Damage    Failure   Level
 Wereblood                Tmut           9%         N/A       12%         2
 Apportation              Tloc           2%         N/A       22%         1
 Necrotise                Necr           4%         1d4       22%         1
 Summon Small Mammal      Summ           4%         N/A       22%         1
 Spider Form              Tmut/Pois      5%         N/A       36%         3
 Ice Form                 Ice/Tmut       5%         N/A       78%         4


Dungeon Overview and Level Annotations

Branches:
Dungeon (1/15)

Altars:
Wu Jian


Innate Abilities, Weirdness & Mutations

You cannot wear most types of armour.
You are amphibious.
You can wear up to eight rings at the same time.
Your skin changes colour to match your surroundings (Stealth+).
Your rubbery body absorbs attacks. (AC +1, EV +1)
((You are camouflaged when in or above water. (Stealth+)))
You have tentacles for arms and can constrict up to eight enemies at once.


Message History

Found an escape hatch in the floor.
b - a clear potion A giant cockroach comes into view.
A giant cockroach is nearby!
A giant cockroach is nearby!
The giant cockroach barely misses you. The giant cockroach closely misses you.
One of your tentacles grows a vicious spike.
The giant cockroach misses you.
You closely miss the giant cockroach. You grab the giant cockroach.
You constrict the giant cockroach.
The giant cockroach bites you but does no damage.
You tentacle-slap the giant cockroach.
You kill the giant cockroach!
You see here a giant cockroach corpse.
Your transformation is almost over.
Your tentacle spike disappears.
A spectral goblin and an endoplasm come into view.
Found a faded altar of an unknown god.
There are monsters nearby!
There are monsters nearby!
One of your tentacles grows a vicious spike.
Your transformation is almost over.
The spectral goblin hits you.
You feel drained.
You tentacle-slap the spectral goblin but do no damage.
Your squeeze misses the spectral goblin.
The spectral goblin closely misses you.
You tentacle-slap the spectral goblin. You squeeze the spectral goblin.
You destroy the spectral goblin!
You tentacle-slap the endoplasm.
You pierce the endoplasm, but do no damage.
You squeeze the endoplasm.
You kill the endoplasm!
There is a faded altar of an unknown god here.
You cannot tell which god this altar belongs to.
Convert to them anyway?
Wu Jian accepts your prayer! The Council welcomes you!
You can now perform damaging attacks by moving towards foes.
You can now lightly attack monsters by moving around them.
Your tentacle spike disappears.
Are you sure you want to abandon this character and quit the game? (Confirm with "yes".)

. .....# #.....#.# # . .
....###.....### # ..#~
~.~~.......# #
#..~##+++#~.##.#...#####
..~#~.~~.~~~.#.#........
#.~~~..~.~~#~#.#..#.....
.#~~~~~..~~.~...#.....
###....~~~##~....#.....
#~~~~~@.~~.~#....######
#8.~###~#~~8#~..## #.
### ~~..##~~~..# #.
...~...~~...# #.
###..........# #.
...........# #. .......
###. ....... #... #.##


There were no monsters in sight!

Vanquished Creatures
  2 endoplasms (D:1)
  2 giant cockroaches (D:1)
  2 goblins (D:1)
  2 kobolds (D:1)
  A spectral goblin (D:1)
9 creatures vanquished.

Notes
Turn   | Place    | Note
-------+----------+-------------------------------------------
     0 | D:1      | ytrimaz the Octopode Transmuter began the quest for the
                  | Orb.
     0 | D:1      | Reached XP level 1. HP: 13/13 MP: 3/3
   257 | D:1      | Reached XP level 2. HP: 15/18 MP: 3/5
   387 | D:1      | Found a faded altar of an unknown god.
   402 | D:1      | Prayed at the altar of an unknown god.
   402 | D:1      | Became a worshipper of the Wu Jian Council
   402 | D:1      | Reached * piety under Wu Jian
   403 | D:1      | Quit the game

Illustrated notes

Levels and vault maps discovered:
D:1:      dpeg_arrival_houses_and_road, layout_basic,
          dreamdust_ecumenical_altar_drowned_temple

Action                   || total
-------------------------++-------
Melee: Unarmed           ||    16
       Constrict         ||     4
       Kick              ||     4
       Tentacles         ||     3
 Cast: Beastly Appendage ||     5
Armor: Skin              ||     1
Dodge: Dodged            ||    11

Table legend: (Time is in decaauts)
 A = Elapsed time spent in this place.
 B = Non-inter-level travel time spent in this place.
 C = Inter-level travel time spent in this place.
 D = Time resting spent in this place.
 E = Time spent auto-exploring this place.
 F = Levels seen in this place.
 G = Mean time per level.
                   A        B        C        D        E       F      G
               +--------+--------+--------+--------+--------+-----+--------+
         Total |    401 |    401 |      0 |      0 |    331 |   1 |  401.0 |
       Dungeon |    401 |    401 |      0 |      0 |    331 |   1 |  401.0 |
               +--------+--------+--------+--------+--------+-----+--------+

Top non-repeatable levels by time:
     D:1: 401 daAuts
